 Dungeon Crawl Stone Soup version 0.21.0-26-g889b8f6872 (webtiles) character file.

1755 KamiKatze the Destroyer (level 8, -1/41 HPs)
             Began as a Deep Elf Conjurer on Jan 27, 2018.
             Was a Believer of Sif Muna.
             Killed from afar by an orc wizard (3 damage)
             ... with a puff of flame
             ... on level 7 of the Dungeon.
             The game lasted 00:26:54 (6577 turns).

KamiKatze the Destroyer (Deep Elf Conjurer)         Turns: 6577, Time: 00:26:55

Health: -1/41      AC:  5    Str:  5    XL:     8   Next: 78%
Magic:  1/21       EV: 17    Int: 23    God:    Sif Muna [**....]
Gold:   325        SH:  0    Dex: 15    Spells: 4/22 levels left

rFire    . . .     SeeInvis .   D - staff of wizardry
rCold    + . .     Gourm    .   (no shield)
rNeg     . . .     Faith    .   a - +0 robe
rPois    +         Spirit   .   (no helmet)
rElec    +         Reflect  .   G - +1 cloak of Starlight {rElec rC+ EV+4 Stlth--}
rCorr    .         Harm     .   (no gloves)
MR       .....                  g - +0 pair of boots
Stlth    ..........             (no amulet)
HPRegen  0.13/turn              A - ring of poison resistance
MPRegen  0.17/turn              y - ring of wizardry

@: no status effects
A: no striking features
a: Divine Energy, Renounce Religion


You were on level 7 of the Dungeon.
You worshipped Sif Muna.
Sif Muna was pleased with you.
You were not hungry.

You visited 2 branches of the dungeon, and saw 8 of its levels.

You collected 325 gold pieces.

Inventory:

Hand Weapons
 f - a +0 dagger
Armour
 a - a +0 robe (worn)
 g - a +0 pair of boots (worn)
 w - the cursed +0 ring mail of Atilium {-Tele rElec Str+5 SInv, unknown}
   (You found it on level 4 of the Dungeon)

   It affects your strength (+5).
   It insulates you from electricity.
   It lets you see invisible.
   It prevents most forms of teleportation.
   It has a curse placed upon it.
 E - a +0 buckler
 G - the +1 cloak of Starlight (worn) {rElec rC+ EV+4 Stlth--}
   (You found it on level 6 of the Dungeon)

   It affects your evasion (+4).
   It protects you from cold.
   It insulates you from electricity.
   It makes you much less stealthy.
Magical Staves
 D - an uncursed staff of wizardry (weapon)
Jewellery
 m - an uncursed ring of stealth
 u - a +3 ring of dexterity
 y - a ring of wizardry (right hand)
 A - a ring of poison resistance (left hand)
 H - an uncursed ring of positive energy
Wands
 t - a wand of iceblast (6)
Scrolls
 e - 4 scrolls of remove curse
 i - a scroll of amnesia
 j - a scroll of magic mapping {unknown}
 l - 2 scrolls of teleportation {unknown}
 o - 2 scrolls of fear {unknown}
 q - a scroll of enchant armour {unknown}
 x - a scroll of blinking {unknown}
Potions
 d - a potion of cancellation
 h - 5 potions of brilliance
 k - 3 potions of curing
 n - 3 potions of lignification
 p - a potion of ambrosia
 r - a potion of agility
 s - 2 potions of heal wounds
 v - a potion of flight
 z - 2 potions of haste
 C - a potion of might {unknown}
 F - a potion of mutation
Books
 b - a book of Conjurations

   Spells                             Type                      Level
   a - Magic Dart                     Conjuration                  1
   b - Searing Ray                    Conjuration                  2
   c - Dazzling Spray                 Conjuration/Hexes            3
   d - Fulminant Prism                Conjuration/Hexes            4
   e - Force Lance                    Conjuration/Translocation    4
   f - Iskenderun's Mystic Blast      Conjuration                  4
Comestibles
 c - 15 rations
 B - 8 chunks of flesh


   Skills:
 - Level 2.4 Dodging
 - Level 2.4 Stealth
 * Level 1.7 Shields
 + Level 7.8 Spellcasting
 * Level 9.8 Conjurations
 + Level 6.7 Hexes


You had 4 spell levels left.
You knew the following spells:

 Your Spells              Type           Power        Failure   Level  Hunger
a - Magic Dart            Conj           ####         1%          1    None
b - Searing Ray           Conj           ######       1%          2    None
c - Dazzling Spray        Conj/Hex       #####.       1%          3    None
d - Iskenderun's Mystic   Conj           ######..     1%          4    ###....
e - Fulminant Prism       Conj/Hex       #####.....   1%          4    ###....
f - Force Lance           Conj/Tloc      ####....     2%          4    ###....


Dungeon Overview and Level Annotations

Branches:
Dungeon (7/15)             Temple (1/1) D:4

Altars:
Ashenzari
Cheibriados
Dithmenos
Elyvilon
Fedhas
Gozag
Hepliaklqana
Kikubaaqudgha
Makhleb
Nemelex Xobeh
Okawaru
Qazlal
Ru
Sif Muna
Uskayaw
Vehumet
Wu Jian
Xom
Yredelemnul
Zin
The Shining One

Annotations:
D:4 Eustachio


Message History

Confirm with . or Enter, or press ? or * to list all spells.
Aiming: Magic Dart
Press: ? - help, Shift-Dir - straight line, f/p - orc warrior
Aim: an orc warrior, wielding a trident and wearing a chain mail (heavily wounded, blind)
The magic dart hits the orc warrior.
The orc warrior is severely wounded. 2 orc wizards come into view.
The orc wizard shouts!
You hear a shout! x2
The orc warrior hits you with a trident!!
Ouch! That really hurt!
You hit the orc warrior but do no damage.
The orc warrior is severely wounded.
The orc wizard casts a spell.
The orc wizard blinks!
The orc warrior barely misses you.
The orc warrior is no longer blind.
The orc warrior hits you from afar with a trident!
* * * LOW HITPOINT WARNING * * *
The orc wizard gestures at you while chanting.
The puff of flame hits you!
You die...

#.######.#.#.####
............<.... ....
########.#############.#.####..
..........<.............)......
######.........................
<..............................
##.###.........................
#.# #.........................
#.# #..........@).)...........
##.###............o)..o........
....##.........................
÷...##........†................
....##.......................(.
....##.........................
.....#.........................
.....#.........................
.#...#.........................


You could see an orc warrior and an orc wizard.

Vanquished Creatures
  Sigmund (D:3)
  2 orc warriors
  2 sky beasts
  3 ogres
  A centaur (D:6)
  2 bullfrogs (D:6)
  A crimson imp (D:7)
  A bullfrog zombie (D:5)
  A jelly (D:7)
  3 hounds
  An orc priest (D:7)
  4 orc wizards
  2 iguanas (D:5)
  5 worker ants
  A hound skeleton (D:7)
  6 gnolls
  A howler monkey zombie (D:2)
  5 adders
  A shadow imp (D:6)
  2 oozes (D:1)
  An adder zombie (D:6)
  7 worms
  2 dart slugs (D:2)
  3 leopard geckos
  19 orcs
  5 giant cockroaches
  12 goblins
  12 hobgoblins
  2 jackals (D:6)
  6 kobolds
  7 quokkas
  A ball python (D:2)
  7 bats
  3 frilled lizards
  A leopard gecko skeleton (D:6)
  A leopard gecko zombie (D:6)
  2 quokka zombies
  8 rats
144 creatures vanquished.

Vanquished Creatures (others)
  5 fulminant prisms
5 creatures vanquished.

Grand Total: 149 creatures vanquished

Notes
Turn   | Place    | Note
-------+----------+-------------------------------------------
     0 | D:1      | KamiKatze the Deep Elf Conjurer began the quest for the Orb.
     0 | D:1      | Reached XP level 1. HP: 10/10 MP: 6/6
    60 | D:1      | Reached XP level 2. HP: 15/15 MP: 4/8
    64 | D:1      | Learned a level 2 spell: Searing Ray
   180 | D:1      | Reached skill level 5 in Conjurations
   631 | D:1      | Reached XP level 3. HP: 19/19 MP: 7/10
   844 | D:2      | Learned a level 3 spell: Dazzling Spray
   901 | D:2      | Found an ancient bone altar of Kikubaaqudgha.
   903 | D:2      | Found a shimmering altar of Xom.
  1057 | D:2      | Reached skill level 1 in Hexes
  1126 | D:2      | Reached XP level 4. HP: 19/24 MP: 6/12
  1505 | D:2      | Reached skill level 6 in Conjurations
  1557 | D:2      | Reached XP level 5. HP: 28/28 MP: 8/13
  1602 | D:2      | Learned a level 4 spell: Iskenderun's Mystic Blast
  1766 | D:3      | Noticed an orc warrior
  1806 | D:3      | Killed an orc warrior
  1806 | D:3      | Reached skill level 5 in Spellcasting
  1806 | D:3      | Reached XP level 6. HP: 30/32 MP: 3/15
  1976 | D:3      | Noticed Sigmund
  1988 | D:3      | Learned a level 4 spell: Fulminant Prism
  2056 | D:3      | Upgraded the game from 0.21.0-25-ge575cb9ce8 to 0.21.0-26-g889b8f6872
  2918 | D:3      | Killed Sigmund
  2918 | D:3      | Reached skill level 7 in Conjurations
  2996 | D:3      | Learned a level 1 spell: Magic Dart
  3056 | D:4      | Reached XP level 7. HP: 36/36 MP: 10/17
  3117 | D:4      | Got a bloodstained ring mail
  3159 | D:4      | Found a sparkling altar of Nemelex Xobeh.
  3277 | D:4      | Found a staircase to the Ecumenical Temple.
  3287 | Temple   | Entered the Ecumenical Temple
  3399 | Temple   | Became a worshipper of Sif Muna the Loreminder
  3557 | D:4      | Noticed Eustachio
  3839 | D:4      | Found Dibram's Book Emporium.
  4151 | D:5      | Entered Level 5 of the Dungeon
  4323 | D:5      | Learned a level 4 spell: Force Lance
  4460 | D:5      | Reached skill level 8 in Conjurations
  4467 | D:5      | Reached skill level 5 in Hexes
  4844 | D:5      | Reached * piety under Sif Muna
  5322 | D:6      | Reached XP level 8. HP: 33/41 MP: 14/20
  5537 | D:6      | Reached skill level 9 in Conjurations
  5829 | D:6      | Found the +1 cloak of Starlight {rElec rC+ EV+4 Stlth--}
  6339 | D:7      | Reached ** piety under Sif Muna
  6476 | D:7      | Reached skill level 1 in Shields
  6575 | D:7      | HP: 2/41 [orc warrior/trident (14)]
  6577 | D:7      | Killed from afar by an orc wizard

Skill      XL: |  1  2  3  4  5  6  7  8 |
---------------+-------------------------+-----
Conjurations   | 5 6 7 8 9 |  9.8
Hexes          | 1 2 3 4 5 6 |  6.7
Spellcasting   | 4 5 6 7 |  7.8
Shields        | 1 |  1.7
Dodging        | |  2.4
Stealth        | |  2.4

Action                   |  1- 3 |  4- 6 |  7- 9 || total
-------------------------+-------+-------+-------++-------
Melee: Dagger            |    20 |     8 |     2 ||    30
       Staff             |       |       |    13 ||    13
 Cast: Magic Dart        |    67 |    76 |   112 ||   255
       Searing Ray       |     4 |    19 |    19 ||    42
       Fulminant Prism   |       |       |     5 ||     5
       Iskenderun's Myst |       |       |     2 ||     2
       Dazzling Spray    |       |       |     2 ||     2
  Use: Scroll            |       |     7 |     5 ||    12
       Potion            |       |       |     1 ||     1
 Stab: Sleeping          |       |       |     1 ||     1
  Eat: Chunk             |     1 |     4 |     9 ||    14
       Ration            |       |     1 |       ||     1
Armor: Robe              |     4 |     3 |     7 ||    14
Dodge: Dodged            |    32 |    19 |    40 ||    91
